 Dungeon Crawl Stone Soup version 0.23.2 (webtiles) character file.

Game seed: 1416662903196112721

500 Blynxz the Skirmisher (level 7, -7/54 HPs)
             Began as a Human Berserker on Apr 11, 2019.
             Was a Priest of Trog.
             Mangled by an orc warrior
             ... wielding a +0 short sword
              (8 damage)
             ... on level 7 of the Dungeon.
             The game lasted 00:17:19 (2584 turns).

Blynxz the Skirmisher (Human Berserker)             Turns: 2584, Time: 00:17:20

Health: -7/54      AC: 11    Str: 16 (19) XL:     7   Next: 40%
Magic:  0/7        EV:  5    Int:  6 (8)  God:    Trog [***...]
Gold:   81         SH:  8    Dex: 12      Spells: 6/6 levels left

rFire    . . .     SeeInvis .   i - +2 short sword (venom)
rCold    + . .     Gourm    .   h - +0 shield (curse)
rNeg     . . .     Faith    .   n - +0 chain mail
rPois    .         Spirit   +   r - +0 helmet
rElec    .         Reflect  .   (no cloak)
rCorr    .         Harm     .   (no gloves)
MR       .....                  w - +0 pair of boots
Stlth    ..........             q - amulet of guardian spirit
HPRegen  0.18/turn              k - ring of protection from cold
MPRegen  0.10/turn              (no ring)

@: starving
A: no striking features
a: Berserk, Trog's Hand, Renounce Religion


You were on level 7 of the Dungeon.
You worshipped Trog.
Trog was most pleased with you.
You were starving.

You visited 1 branch of the dungeon, and saw 7 of its levels.

You collected 81 gold pieces.

Inventory:

Hand Weapons
 a - a +0 falchion
 e - a +0 mace
 f - a +3 dagger
 i - a +2 short sword of venom (weapon)
 j - a +0 whip
 m - a +0 flail
 y - a +2 spear of venom
 z - a +1 trident of flaming
 D - a +2 vampiric whip
Missiles
 o - 29 poisoned needles
Armour
 b - a +0 animal skin
 g - a +0 leather armour
 h - a cursed +0 shield (worn)
 l - a +0 robe
 n - a +0 chain mail (worn)
 r - a +0 helmet (worn)
 w - a +0 pair of boots (worn)
 C - a +0 chain mail
Jewellery
 k - a ring of protection from cold (left hand)
 q - an amulet of guardian spirit (around neck)
Wands
 s - a wand of iceblast (7)
Scrolls
 c - 3 scrolls of remove curse {unknown}
 d - 3 scrolls of fog {unknown}
 p - 2 scrolls of amnesia {unknown}
 A - 2 scrolls of fear {unknown}
 B - 4 scrolls of identify {unknown}
Potions
 t - a potion of degeneration
 x - a potion of resistance {unknown}
 E - a potion of magic
Comestibles
 u - 5 rations


   Skills:
 + Level 4.1 Fighting
 + Level 3.9(4.6) Short Blades
 + Level 3.5(4.4) Long Blades
 + Level 3.3 Armour
 + Level 3.0 Dodging
 + Level 0.1 Stealth
 + Level 2.7 Shields


You had 6 spell levels left.
You didn't know any spells.
Your spell library contained the following spells:

 Spells                   Type           Power        Failure   Level  Hunger
 Magic Dart               Conj           #...         100%        1    ##.....
 Searing Ray              Conj           #.....       100%        2    ###....
 Dazzling Spray           Conj/Hex       #.....       100%        3    ####...
 Force Lance              Conj/Tloc      #.......     100%        4    #####..
 Fulminant Prism          Conj/Hex       #.........   100%        4    #####..
 Iskenderun's Mystic Bla  Conj           #.......     100%        4    #####..


Dungeon Overview and Level Annotations

Branches:
Dungeon (7/15)             Temple (0/1) D:4

Altars:
Cheibriados
Yredelemnul


Message History

Your shield and chain mail prevent you from hitting the orc warrior.
The orc warrior is moderately wounded.
You block the orc warrior's attack.
You closely miss the orc warrior.
The orc warrior is moderately wounded.
The orc warrior hits you but does no damage.
You hit the orc warrior.
The orc warrior looks as sick as possible!
The orc warrior is severely wounded.
The orc warrior hits you with a +0 short sword.
* * * LOW HITPOINT WARNING * * *
You hit the orc warrior but do no damage.
The orc warrior is severely wounded.
The orc warrior hits you but does no damage.
You hit the orc warrior but do no damage.
The orc warrior looks as sick as possible!
The orc warrior is severely wounded.
A wight comes into view. It is wielding a +2 long sword.
The orc warrior hits you with a +0 short sword!
You die...

#z# ..# #
###.#
...##...##
#..#.....##
..........# .
..........#
.. #.....@o.#
...##......##
#..##.?...##
#.........###
#..........#
..#..<......#
#...........#
####........#
#........#


You could see an orc warrior and a wight.

Vanquished Creatures
  A bullfrog zombie (D:7)
  2 orc priests
  Terence (D:2)
  3 worker ants
  7 orc wizards
  A mummy (D:6)
  3 adders (D:2)
  A shadow imp (D:7)
  An ooze (D:1)
  An adder skeleton (D:4)
  A worm (D:4)
  7 orcs
  A ball python (D:5)
  2 giant cockroaches
  4 hobgoblins
  11 jackals
  A quokka (D:4)
  5 bats (D:1)
  2 frilled lizards
  9 goblins
  6 kobolds
  A kobold zombie (D:6)
  3 orc zombies (D:6)
  4 rats
78 creatures vanquished.

Notes
Turn   | Place    | Note
-------+----------+-------------------------------------------
     0 | D:1      | Blynxz the Human Berserker began the quest for the Orb.
     0 | D:1      | Reached XP level 1. HP: 18/18 MP: 1/1
    94 | D:1      | Reached XP level 2. HP: 10/24 MP: 2/2
   264 | D:1      | HP: 1/24 [goblin/+0 club (2)]
   873 | D:1      | Reached XP level 3. HP: 29/29 MP: 3/3
  1084 | D:2      | Noticed Terence
  1094 | D:2      | Killed Terence
  1094 | D:2      | Reached XP level 4. HP: 35/35 MP: 4/4
  1177 | D:2      | Reached skill level 1 in Short Blades
  1244 | D:2      | Reached ** piety under Trog
  1461 | D:3      | Reached XP level 5. HP: 42/42 MP: 5/5
  1622 | D:4      | Reached skill level 1 in Shields
  1634 | D:4      | Found a basalt altar of Yredelemnul.
  1701 | D:4      | Reached XP level 6. HP: 39/48 MP: 6/6
  1721 | D:4      | Found a snail-covered altar of Cheibriados.
  1733 | D:4      | Found a staircase to the Ecumenical Temple.
  1926 | D:5      | Entered Level 5 of the Dungeon
  2280 | D:5      | You fall through a shaft!
  2415 | D:6      | Reached skill level 4 in Fighting
  2415 | D:6      | Reached XP level 7. HP: 44/54 MP: 4/7
  2458 | D:6      | Reached *** piety under Trog
  2582 | D:7      | HP: 1/54 [orc warrior/+0 short sword (3)]
  2584 | D:7      | Mangled by an orc warrior

Skill      XL: |  1  2  3  4  5  6  7 |
---------------+----------------------+-----
Short Blades   | 1 2 3 |  3.9
Shields        | 2 |  2.7
Armour         | 3 |  3.3
Fighting       | 4 |  4.1
Dodging        | 3 |  3.0
Long Blades    | |  3.5
Stealth        | |  0.1

Action                   |  1- 3 |  4- 6 |  7- 9 || total
-------------------------+-------+-------+-------++-------
Melee: Falchion          |    43 |       |       ||    43
       Short sword       |    25 |   161 |    64 ||   250
  Use: Potion            |     1 |       |     3 ||     4
  Eat: Ration            |     1 |       |       ||     1
Armor: Leather armour    |    19 |       |       ||    19
       Chain mail        |       |    83 |    47 ||   130
Dodge: Dodged            |    30 |    33 |    10 ||    73
Block: Shield            |    23 |    56 |    30 ||   109
       Rpst.: Falchion   |     5 |       |       ||     5
